ESL (28 & UNDER)
PENQUANNOCK OVERRATED JETER @ SPRINGFIELD SIMPSONS
09/08/2025
 
TOP OF THE 1ST
Penquannock Overrated Jeter batting - Pitching for Springfield Simpsons : RHP Robert Martin
Pitching: RHP Robert Martin
Batting: LHB Bill McJannett 0-0: Called Strike
0-1: Ball
1-1: Called Strike
1-2: Foul Ball, location: 2F
1-2: Ground out 6-3 (Groundball, 6M)
Batting: SHB Caden Keith 0-0: Foul Ball, location: 2F
0-1: Foul Ball, location: 2F
0-2: Strikes out swinging
Batting: SHB Theron Harper 0-0: SINGLE (Line Drive, 56D)
Batting: RHB Ignacio Flores 0-0: Ball
Theron Harper steals 2nd base
1-0: Ball
2-0: Called Strike
2-1: Foul Ball, location: 2F
2-2: SINGLE (Line Drive, 8LS)
Theron Harper to third
Runner from 3rd tries for Home, SAFE, no throw or cutoff
Batting: LHB Ron Robinson 0-0: Ball
1-0: Swinging Strike
1-1: Foul Ball, location: 2F
1-2: Ball
2-2: Strikes out swinging
Top of the 1st over - 1 run(s), 2 hit(s), 0 error(s), 1 left on base; Penquannock 1 - Springfield 0
BOTTOM OF THE 1ST
Springfield Simpsons batting - Pitching for Penquannock Overrated Jeter : RHP Richard Edwards
Pitching: RHP Richard Edwards
Batting: RHB António López 0-0: Ball
1-0: Ball
2-0: Foul Ball, location: 2F
2-1: Ground out 6-3 (Groundball, 6M)
Batting: LHB Tony O'Bryan 0-0: Called Strike
0-1: Ball
1-1: Swinging Strike
1-2: Ball
2-2: Foul Ball, location: 2F
2-2: Ball
3-2: Foul Ball, location: 2F
3-2: Strikes out swinging
Batting: LHB José González 0-0: Foul Ball, location: 2F
0-1: Ground out 4-3 (Groundball, 4)
Bottom of the 1st over - 0 run(s), 0 hit(s), 0 error(s), 0 left on base; Penquannock 1 - Springfield 0
TOP OF THE 2ND
Penquannock Overrated Jeter batting - Pitching for Springfield Simpsons : RHP Robert Martin
Batting: LHB Todd Barnes 0-0: Swinging Strike
0-1: Ball
1-1: Called Strike
1-2: Foul Ball, location: 2F
1-2: Ball
2-2: Foul Ball, location: 2F
2-2: Ball
3-2: Strikes out looking
Batting: RHB Bernardo Enríquez 0-0: Foul Ball, location: 2F
0-1: Swinging Strike
0-2: Ball
1-2: Ball
2-2: Ball
3-2: Strikes out looking
Batting: RHB Arturo Rodríguez 0-0: Ball
1-0: Swinging Strike
1-1: Ball
2-1: Called Strike
2-2: Ball
3-2: Strikes out swinging
Top of the 2nd over - 0 run(s), 0 hit(s), 0 error(s), 0 left on base; Penquannock 1 - Springfield 0
BOTTOM OF THE 2ND
Springfield Simpsons batting - Pitching for Penquannock Overrated Jeter : RHP Richard Edwards
Batting: RHB Alfredo López 0-0: Swinging Strike
0-1: Ball
1-1: Ball
2-1: DOUBLE (Flyball, 8LXD)
Batting: RHB Gavin Downey 0-0: Ball
Wild Pitch!
Alfredo López to third
1-0: Fly out, F7 (Flyball, 7M)
Batting: RHB Ángel Garza 0-0: Ball
1-0: Foul Ball, location: 2F
1-1: Foul Ball, location: 2F
1-2: Strikes out swinging
Batting: RHB Marcos Castillo 0-0: Ball
1-0: Ball
2-0: Ball
3-0: Base on Balls
Batting: LHB Pedro Cerda 0-0: Called Strike
0-1: Swinging Strike
0-2: Ball
1-2: Ball
2-2: Ball
3-2: DOUBLE (Line Drive, 89D)
Alfredo López scores
Marcos Castillo to third
Marcos Castillo scores
Batting: RHB Valentín Ramírez 0-0: Foul Ball, location: 2F
0-1: Ball
1-1: Swinging Strike
1-2: Strikes out looking
Bottom of the 2nd over - 2 run(s), 2 hit(s), 0 error(s), 1 left on base; Penquannock 1 - Springfield 2
TOP OF THE 3RD
Penquannock Overrated Jeter batting - Pitching for Springfield Simpsons : RHP Robert Martin
Batting: SHB Francisco Ávila 0-0: Ball
1-0: Foul Ball, location: 2F
1-1: Ground out 5-3 (Groundball, 5)
Batting: LHB Bill McJannett 0-0: Called Strike
0-1: Ball
1-1: Foul Ball, location: 2F
1-2: Ground out 4-3 (Groundball, 4)
Batting: SHB Caden Keith 0-0: Ball
1-0: Ball
2-0: Ball
3-0: Called Strike
3-1: SOLO HOME RUN (Flyball, 9LD), Distance : 362 ft
Batting: SHB Theron Harper 0-0: Ball
1-0: Called Strike
1-1: Foul Ball, location: 2F
1-2: Strikes out swinging
Top of the 3rd over - 1 run(s), 1 hit(s), 0 error(s), 0 left on base; Penquannock 2 - Springfield 2
BOTTOM OF THE 3RD
Springfield Simpsons batting - Pitching for Penquannock Overrated Jeter : RHP Richard Edwards
Batting: RHB António López 0-0: Bunt - Flyout! F1
Batting: LHB Tony O'Bryan 0-0: Called Strike
0-1: Ball
1-1: Foul Ball, location: 2F
1-2: SINGLE (Line Drive, 78S)
Batting: LHB José González 0-0: Ball
Tony O'Bryan steals 2nd base
1-0: Ground out 3-1 (Groundball, 34S)
Tony O'Bryan to third
Batting: RHB Alfredo López 0-0: Called Strike
0-1: Ball
1-1: Foul Ball, location: 2F
1-2: Strikes out looking
Bottom of the 3rd over - 0 run(s), 1 hit(s), 0 error(s), 1 left on base; Penquannock 2 - Springfield 2
TOP OF THE 4TH
Penquannock Overrated Jeter batting - Pitching for Springfield Simpsons : RHP Robert Martin
Batting: RHB Ignacio Flores 0-0: Ground out 1-3 (Groundball, 23)
Batting: LHB Ron Robinson 0-0: SINGLE (Line Drive, 3D)
Batting: LHB Todd Barnes 0-0: Ball
1-0: Ball
2-0: Ball
3-0: Base on Balls
Ron Robinson to second
Batting: RHB Bernardo Enríquez 0-0: Called Strike
0-1: Foul Ball, location: 2F
0-2: Strikes out swinging
Batting: RHB Arturo Rodríguez 0-0: Ball
1-0: Foul Ball, location: 2F
1-1: Foul Ball, location: 2F
1-2: Strikes out swinging
Top of the 4th over - 0 run(s), 1 hit(s), 0 error(s), 2 left on base; Penquannock 2 - Springfield 2
BOTTOM OF THE 4TH
Springfield Simpsons batting - Pitching for Penquannock Overrated Jeter : RHP Richard Edwards
Batting: RHB Gavin Downey 0-0: Foul Ball, location: 2F
0-1: Foul Ball, location: 2F
0-2: Ball
1-2: Foul Ball, location: 2F
1-2: Strikes out looking
Batting: RHB Ángel Garza 0-0: Foul Ball, location: 2F
0-1: Swinging Strike
0-2: Strikes out swinging
Batting: RHB Marcos Castillo 0-0: Swinging Strike
0-1: Foul Ball, location: 2F
0-2: Ball
1-2: Ball
2-2: Foul Ball, location: 2F
2-2: Ball
3-2: Ground out 4-3 (Groundball, 4M)
Bottom of the 4th over - 0 run(s), 0 hit(s), 0 error(s), 0 left on base; Penquannock 2 - Springfield 2
TOP OF THE 5TH
Penquannock Overrated Jeter batting - Pitching for Springfield Simpsons : RHP Robert Martin
Batting: SHB Francisco Ávila 0-0: Swinging Strike
0-1: Called Strike
0-2: Ball
1-2: Ball
2-2: Strikes out swinging
Batting: LHB Bill McJannett 0-0: Called Strike
0-1: Foul Ball, location: 2F
0-2: Ball
1-2: Foul Ball, location: 2F
1-2: Ball
2-2: Ground out U3 (Groundball, 3S)
Batting: SHB Caden Keith 0-0: Ball
1-0: Called Strike
1-1: Foul Ball, location: 2F
1-2: Strikes out swinging
Top of the 5th over - 0 run(s), 0 hit(s), 0 error(s), 0 left on base; Penquannock 2 - Springfield 2
BOTTOM OF THE 5TH
Springfield Simpsons batting - Pitching for Penquannock Overrated Jeter : RHP Richard Edwards
Batting: LHB Pedro Cerda 0-0: Ball
1-0: Ball
2-0: Ball
3-0: Called Strike
3-1: Base on Balls
Batting: RHB Valentín Ramírez 0-0: Ball
1-0: Foul Ball, location: 2F
1-1: Called Strike
1-2: Ball
2-2: Strikes out swinging
Pitching: RHP Santiago González
Batting: RHB António López 0-0: Swinging Strike
Pedro Cerda is caught stealing 2nd base
0-1: Foul Ball, location: 2F
0-2: Ball
1-2: Foul Ball, location: 2F
1-2: Ball
2-2: SINGLE (Groundball, 56)
Batting: LHB Tony O'Bryan 0-0: Ball
1-0: Ball
2-0: Called Strike
2-1: Foul Ball, location: 2F
2-2: SINGLE (Flyball, 6MD)
António López to second
António López to third
Batting: LHB José González 0-0: Ball
1-0: Ball
2-0: Fly out, F9 (Flyball, 89M)
Bottom of the 5th over - 0 run(s), 2 hit(s), 0 error(s), 2 left on base; Penquannock 2 - Springfield 2
TOP OF THE 6TH
Penquannock Overrated Jeter batting - Pitching for Springfield Simpsons : RHP Robert Martin
Pitching: RHP Dave Adams
Batting: SHB Theron Harper 0-0: Called Strike
0-1: Ball
1-1: SINGLE (Line Drive, 4MD)
Batting: RHB Ignacio Flores 0-0: Swinging Strike
0-1: Ball
1-1: Ball
2-1: Called Strike
2-2: Strikes out swinging
Theron Harper steals 2nd base
Batter strikes out.
Batting: LHB Ron Robinson 0-0: Intentional Walk
Batting: LHB Todd Barnes 0-0: Ball
1-0: Ball
2-0: Ball
3-0: Called Strike
3-1: Foul Ball, location: 2F
3-2: Base on Balls
Theron Harper to third
Ron Robinson to second
Batting: RHB Bernardo Enríquez 0-0: Called Strike
0-1: Foul Ball, location: 2F
0-2: Strikes out swinging
Batting: RHB Arturo Rodríguez 0-0: Ball
1-0: Ball
2-0: Foul Ball, location: 2F
2-1: Ground out 5-3 (Groundball, 5S)
Top of the 6th over - 0 run(s), 1 hit(s), 0 error(s), 3 left on base; Penquannock 2 - Springfield 2
BOTTOM OF THE 6TH
Springfield Simpsons batting - Pitching for Penquannock Overrated Jeter : RHP Santiago González
Batting: RHB Alfredo López 0-0: Ground out 4-3 (Groundball, 34)
Batting: RHB Gavin Downey 0-0: Ball
1-0: Ground out 6-3 (Groundball, 6M)
Batting: RHB Ángel Garza 0-0: Called Strike
0-1: Called Strike
0-2: Foul Ball, location: 2F
0-2: Foul Ball, location: 2F
0-2: Foul Ball, location: 2F
0-2: Foul Ball, location: 2F
0-2: Strikes out swinging
Bottom of the 6th over - 0 run(s), 0 hit(s), 0 error(s), 0 left on base; Penquannock 2 - Springfield 2
TOP OF THE 7TH
Penquannock Overrated Jeter batting - Pitching for Springfield Simpsons : RHP Dave Adams
Batting: SHB Francisco Ávila 0-0: Called Strike
0-1: Called Strike
0-2: Ball
1-2: Ball
2-2: Foul Ball, location: 2F
2-2: Strikes out swinging
Batting: LHB Bill McJannett 0-0: Foul Ball, location: 2F
0-1: Ball
1-1: Ball
2-1: Called Strike
2-2: Strikes out looking
Batting: SHB Caden Keith 0-0: Ball
1-0: Swinging Strike
1-1: Foul Ball, location: 2F
1-2: Foul Ball, location: 2F
1-2: Ground out 4-3 (Groundball, 34)
Top of the 7th over - 0 run(s), 0 hit(s), 0 error(s), 0 left on base; Penquannock 2 - Springfield 2
BOTTOM OF THE 7TH
Springfield Simpsons batting - Pitching for Penquannock Overrated Jeter : RHP Santiago González
Batting: RHB Marcos Castillo 0-0: Called Strike
0-1: Ball
1-1: Ball
2-1: Ball
3-1: Swinging Strike
3-2: Base on Balls
Batting: LHB Pedro Cerda 0-0: Ball
1-0: Bunted foul
1-1: Ball
2-1: Ball
3-1: Bunted foul
3-2: Fly out, F8 (Flyball, 89D)
Pitching: RHP Javier González
Batting: RHB Valentín Ramírez 0-0: Called Strike
Marcos Castillo steals 2nd base
0-1: Foul Ball, location: 2F
0-2: Ball
1-2: Ball
2-2: Fly out, F9 (Flyball, 89M)
Batting: RHB António López 0-0: Fly out, F9 (Flyball, 89M)
Bottom of the 7th over - 0 run(s), 0 hit(s), 0 error(s), 1 left on base; Penquannock 2 - Springfield 2
TOP OF THE 8TH
Penquannock Overrated Jeter batting - Pitching for Springfield Simpsons : RHP Dave Adams
Pitching: RHP Ryan Klein
Pinch Hitting: RHB Earl Conrad 0-0: Called Strike
0-1: Ball
1-1: Foul Ball, location: 2F
1-2: SINGLE (Groundball, 34)
Pinch Runner at 1st Armando Pagán:
Batting: RHB Ignacio Flores 0-0: Called Strike
0-1: Ball
Armando Pagán is caught stealing 2nd base
1-1: DOUBLE (Groundball, 5L)
Batting: LHB Ron Robinson 0-0: Intentional Walk
Batting: LHB Todd Barnes 0-0: Ball
1-0: Ball
2-0: Foul Ball, location: 2F
2-1: Fly out, F9 (Flyball, 89M)
Batting: RHB Bernardo Enríquez 0-0: Ground out 6-3 (Groundball, 6)
Top of the 8th over - 0 run(s), 2 hit(s), 0 error(s), 2 left on base; Penquannock 2 - Springfield 2
BOTTOM OF THE 8TH
Springfield Simpsons batting - Pitching for Penquannock Overrated Jeter : RHP Javier González
Now at 2B: Shi-fu Liu
Batting: LHB Tony O'Bryan 0-0: Fly out, F8 (Flyball, 8RD)
Batting: LHB José González 0-0: Ball
1-0: Ball
2-0: Foul Ball, location: 2F
2-1: Fly out, F8 (Flyball, 8LS)
Batting: RHB Alfredo López 0-0: Ground out 5-3 (Groundball, 56)
Bottom of the 8th over - 0 run(s), 0 hit(s), 0 error(s), 0 left on base; Penquannock 2 - Springfield 2
TOP OF THE 9TH
Penquannock Overrated Jeter batting - Pitching for Springfield Simpsons : RHP Ryan Klein
Pitching: LHP Alberto Martínez
Batting: RHB Arturo Rodríguez 0-0: Swinging Strike
0-1: Ball
1-1: Called Strike
1-2: Ball
2-2: Foul Ball, location: 2F
2-2: Ball
3-2: Strikes out looking
Batting: SHB Francisco Ávila 0-0: Ball
1-0: Ball
2-0: Ball
3-0: Called Strike
3-1: Base on Balls
Pinch Hitting: RHB Barton Frazier 0-0: Called Strike
0-1: Ball
1-1: Ball
2-1: Swinging Strike
2-2: Ball
3-2: Base on Balls
Francisco Ávila to second
Batting: SHB Caden Keith 0-0: Foul Ball, location: 2F
0-1: SINGLE (Groundball, 23) (infield hit)
Francisco Ávila to third
Barton Frazier to second
Pinch Hitting: RHB Doug Brown 0-0: Called Strike
0-1: SINGLE (Line Drive, 34)
Francisco Ávila scores
Barton Frazier to third
Caden Keith to second
Batting: RHB Ignacio Flores 0-0: Ball
1-0: Ball
2-0: Foul Ball, location: 2F
2-1: Fly out, F5 (Line Drive, 5)
2-1: Lined into DP, U5 (Line Drive, 5)
Top of the 9th over - 1 run(s), 2 hit(s), 0 error(s), 2 left on base; Penquannock 3 - Springfield 2
BOTTOM OF THE 9TH
Springfield Simpsons batting - Pitching for Penquannock Overrated Jeter : RHP Javier González
Now at 1B: Barton Frazier
Now at 2B: António Rodríguez
Batting: RHB Gavin Downey 0-0: Ball
1-0: DOUBLE (Line Drive, 78XD)
Batting: RHB Ángel Garza 0-0: Fly out, F9 (Flyball, 9D)
Runner from 2nd tags up, SAFE at 3rd, no throw
Batting: RHB Marcos Castillo 0-0: Called Strike
0-1: Ball
1-1: Called Strike
1-2: Strikes out looking
Batting: LHB Pedro Cerda 0-0: Ball
1-0: Ball
2-0: SINGLE (Line Drive, 34D)
Gavin Downey scores
Pinch Hitting: RHB Manny Ramírez 0-0: Ball
1-0: Called Strike
Pedro Cerda steals 2nd base
1-1: Ball
2-1: Foul Ball, location: 2F
2-2: SINGLE (Line Drive, 34D)
Pedro Cerda to third
Runner from 3rd tries for Home, SAFE, no throw or cutoff
This league is powered by Out of the Park Baseball, the baseball management simulation game for PC, Mac and Linux
Tuesday, August 2nd, 2016 - OOTP Baseball 16.8 Build 38